CALGARY vs NASHVILLE

Created - January 16, 2021 at 14:49

Goals
1 2 3 T
CALGARY 0 2 2 4
NASHVILLE 2 1 4 7
Shots
1 2 3 T
CALGARY 6 8 9 23
NASHVILLE 14 10 15 39

1st period

1. NASHVILLE , Josh Leivo 1 (Tage Thompson 2, Morgan Rielly 1) at 9:00
2. NASHVILLE , J.T. Compher 3 (Adam Larsson 3) at 9:39

Penalties :
Drake Caggiula (CGY) for Tripping (Minor) at 2:56, Andrew Peeke (NSH) for Interference (Minor) at 13:11

2nd period

3. CALGARY , Tyler Bertuzzi 3 (Jaccob Slavin 3, Brock Boeser 5) at 2:56
4. CALGARY , Blake Coleman 2 (Jake Gardiner 6, Mikhail Sergachev 4) at 16:11
5. NASHVILLE , Connor Carrick 1 (Sean Monahan 4) at 19:30

Penalties :
Zach Bogosian (CGY) for Hooking (Minor) at 11:37

3rd period

6. CALGARY , Mikhail Sergachev 2 (Patrik Laine 2, Jack Campbell) at 1:54 (PP)
7. CALGARY , Jaccob Slavin 1 (Jamie Benn 4) at 5:57 (PP)
8. NASHVILLE , Jared McCann 2 (Sean Monahan 5, Nicolas Hague 3) at 6:56
9. NASHVILLE , Jimmy Vesey 2 (J.T. Compher 4, Adam Larsson 4) at 7:41
10. NASHVILLE , Paul Byron 1 (Sean Monahan 6, Nicolas Hague 4) at 9:30
11. NASHVILLE , J.T. Compher 4 (Jason Dickinson 3, Morgan Rielly 2) at 16:29

Penalties :
Brian Dumoulin (NSH) for Interference (Minor) at 1:40, Connor Carrick (NSH) for Goalie Interference (Minor) at 5:43

Goalie Stats

Jack Campbell (CGY), 32 saves from 39 shots - (0.821), L, 3-4-1, 60:00 minutes
Devan Dubnyk (NSH), 19 saves from 23 shots - (0.826), W, 1-2-0, 60:00 minutes

Players Stats for CALGARY

Player Name              G  A  P  +/- PIM S  H  SB GA TA FO     MP     PP MP  PK MP  
------------------------------------------------------------------------------------
Blake Coleman            1  0  1  -1  0   1  1  1  0  0  0/0    10:54   0:00   2:20 
Brock Boeser             0  1  1  -2  0   0  0  1  0  0  1/2    19:33   1:19   0:00 
Chris Tierney            0  0  0  -1  0   2  0  0  0  0  2/13   11:08   1:08   1:26 
Derick Brassard          0  0  0  -1  0   0  0  0  0  0  3/8     8:47   0:00   0:00 
Drake Caggiula           0  0  0  -1  2   0  2  0  0  0  1/1     8:58   0:00   0:12 
Elias Pettersson         0  0  0  -1  0   3  1  0  0  0  10/22  19:31   1:19   0:12 
Jaccob Slavin            1  1  2  -1  0   3  0  3  0  0  0/0    23:31   1:08   2:20 
Jake Gardiner            0  1  1  -1  0   0  1  1  0  0  0/0    18:11   0:00   0:13 
Jamie Benn               0  1  1  -2  0   0  2  0  0  0  13/32  21:42   1:08   2:20 
Joel Kellman             0  0  0  -1  0   0  0  0  0  0  0/1     8:47   0:00   0:00 
Markus Nutivaara         0  0  0  -3  0   1  0  0  0  0  0/0    16:15   0:00   0:41 
Matt Nieto               0  0  0  -1  0   0  0  0  0  0  1/2     8:34   0:00   0:00 
Mikhail Sergachev        1  1  2  -1  0   1  2  4  0  0  0/0    19:48   1:19   1:38 
Mitchell Marner          0  0  0  -1  0   3  0  0  0  0  1/2    19:08   1:08   0:00 
Patrik Laine             0  1  1  -1  0   3  1  0  0  0  0/0    19:19   1:19   0:00 
Rasmus Dahlin            0  0  0  -1  0   2  1  0  0  0  0/0    23:33   1:19   2:11 
Tyler Bertuzzi           1  0  1  -2  0   4  2  0  0  0  2/2    20:48   1:08   1:26 
Zach Bogosian            0  0  0  -3  2   0  2  2  0  0  0/0    17:33   0:00   0:53 

Players Stats for NASHVILLE

Player Name              G  A  P  +/- PIM S  H  SB GA TA FO     MP     PP MP  PK MP  
------------------------------------------------------------------------------------
Adam Larsson             0  2  2   3  0   1  4  0  0  0  0/0    20:13   2:07   1:16 
Alex Chiasson            0  0  0   0  0   2  1  0  0  0  0/1    13:22   0:00   0:00 
Andrew Peeke             0  0  0   1  2   0  1  0  0  0  0/0    16:08   0:00   0:00 
Bobby Ryan               0  0  0   0  0   2  1  1  0  0  0/0    13:22   0:00   0:00 
Brian Dumoulin           0  0  0   0  2   1  2  1  0  0  0/0    20:02   1:51   1:11 
Connor Carrick           1  0  1   1  2   1  2  0  0  0  0/0    16:08   0:00   0:00 
Devin Shore              0  0  0   1  0   1  0  1  0  0  6/10    8:29   0:00   0:00 
J.T. Compher             2  1  3   3  0   5  0  0  0  0  11/20  17:26   1:37   0:35 
Jared McCann             1  0  1   1  0   4  2  0  0  0  2/2    20:31   2:21   1:40 
Jason Dickinson          0  1  1   3  0   4  3  0  0  0  0/0    16:51   1:37   0:00 
Jeremy Lauzon            0  0  0   1  0   0  1  0  0  0  0/0     3:43   0:00   0:00 
Jimmy Vesey              1  0  1   3  0   3  0  0  0  0  0/3    16:51   1:37   0:00 
Josh Leivo               1  0  1   1  0   4  1  0  0  0  1/1     8:29   0:00   0:00 
Morgan Rielly            0  2  2   4  0   0  0  0  0  0  0/0    23:40   2:07   1:16 
Nicolas Hague            0  2  2   0  0   0  2  2  0  0  0/0    20:03   1:51   1:11 
Nolan Patrick            0  0  0   0  0   4  2  0  0  0  12/16  13:34   0:00   0:12 
Paul Byron               1  0  1   1  0   5  2  0  0  0  0/1    19:26   2:21   0:35 
Sean Monahan             0  3  3   1  0   1  0  1  0  0  18/30  20:43   2:21   1:52 
Tage Thompson            0  1  1   1  0   1  1  1  0  0  1/1     8:29   0:00   0:00 

3 Stars

1 - J.T. Compher (NSH)
2 - Adam Larsson (NSH)
3 - Morgan Rielly (NSH)

Power Play

CALGARY - 2 on 3 Attempt(s) - 66.67%
NASHVILLE - 0 on 2 Attempt(s) - 0.00%

Penalty Kill

CALGARY - 2 on 2 Attempt(s) - 100.00% - Score 0 goal in Penalty Kill
NASHVILLE - 1 on 3 Attempt(s) - 33.33% - Score 0 goal in Penalty Kill

Team Stat

CALGARY - Hits : 15 - Faceoff Wins : 34 - Blocked Shots : 12 - Penalty Minutes : 4
NASHVILLE - Hits : 25 - Faceoff Wins : 51 - Blocked Shots : 7 - Penalty Minutes : 6

Official

Referees : Chris Lee and Pierre Lambert
Linesman : Brandon Gawryletz and Kyle Flemington

Game Notes

No Game Note

Finance

Level 1 -- Attendance: 4687 (78.12%) -- Ticket Income $468,700
Level 2 -- Attendance: 3767 (75.34%) -- Ticket Income $226,020
Level 3 -- Attendance: 1747 (87.35%) -- Ticket Income $61,145
Level 4 -- Attendance: 2850 (71.25%) -- Ticket Income $71,250
Luxury Box -- Attendance: 792 (79.20%) -- Ticket Income $158,400
Game was played at the Bridgestone Arena.
Total Attendance: 13843 (76.91%)
Total Ticket Income: $985,515
Total Income: $985,515

CALGARY

5 vs 5 Forward 
   Center                   Left Wing                Right Wing               Time % Phy DF OF 
 1 Elias Pettersson         Mitchell Marner          Patrik Laine             40     0   1  4  
 2 Jamie Benn               Tyler Bertuzzi           Brock Boeser             40     1   1  3  
 3 Chris Tierney            Blake Coleman            Matt Nieto               10     1   2  2  
 4 Derick Brassard          Joel Kellman             Drake Caggiula           10     2   3  0  

5 vs 5 Defense 
   Defense                  Defense                                           Time % Phy DF OF 
 1 Jaccob Slavin            Rasmus Dahlin                                     35     1   1  3  
 2 Jake Gardiner            Mikhail Sergachev                                 30     1   2  2  
 3 Markus Nutivaara         Zach Bogosian                                     25     3   2  0  
 4 Rasmus Dahlin            Jaccob Slavin                                     10     1   2  2  

PowerPlay Forward 
   Center                   Left Wing                Right Wing               Time % Phy DF OF 
 1 Elias Pettersson         Patrik Laine             Brock Boeser             62     1   1  3  
 2 Jamie Benn               Tyler Bertuzzi           Mitchell Marner          38     1   1  3  

PowerPlay Defense
   Defense                  Defense                                           Time % Phy DF OF 
 1 Mikhail Sergachev        Rasmus Dahlin                                     64     1   1  3  
 2 Chris Tierney            Jaccob Slavin                                     36     1   1  3  

Penalty Kill 4 Players Forward 
   Center                   Wing                     Time % Phy DF OF 
 1 Jamie Benn               Blake Coleman            60     1   4  0  
 2 Chris Tierney            Tyler Bertuzzi           40     1   4  0  

Penalty Kill 4 Players Defense
   Defense                  Defense                  Time % Phy DF OF 
 1 Jaccob Slavin            Rasmus Dahlin            60     1   4  0  
 2 Zach Bogosian            Mikhail Sergachev        40     1   4  0  

Penalty Kill - 3 Players Forward 
   Forward                                           Time % Phy DF OF 
 1 Blake Coleman                                     60     1   4  0  
 2 Chris Tierney                                     40     1   4  0  

Penalty Kill - 3 Players Defense
   Defense                  Defense                  Time % Phy DF OF 
 1 Jaccob Slavin            Rasmus Dahlin            60     1   4  0  
 2 Zach Bogosian            Mikhail Sergachev        40     1   4  0  

4 vs 4 Forward 
   Center                   Wing                     Time % Phy DF OF 
 1 Elias Pettersson         Patrik Laine             60     1   1  3  
 2 Jamie Benn               Mitchell Marner          40     1   1  3  

4 vs 4 Defense
   Defense                  Defense                  Time % Phy DF OF 
 1 Jaccob Slavin            Rasmus Dahlin            60     0   1  4  
 2 Tyler Bertuzzi           Mikhail Sergachev        40     0   1  4  

Last Minutes Offensive
   Center                   Left Wing                Right Wing               Defense                  Defense                  
   Jamie Benn               Brock Boeser             Mitchell Marner          Jaccob Slavin            Rasmus Dahlin            

Last Minutes Defensive
   Center                   Left Wing                Right Wing               Defense                  Defense                  
   Jamie Benn               Elias Pettersson         Mitchell Marner          Jaccob Slavin            Rasmus Dahlin            

Goaltenders
Starting : Jack Campbell            
Backup : Anders Nilsson           

Extra Forwards
Normal : Chris Tierney, Blake Coleman, Derick Brassard - PP : Chris Tierney, Blake Coleman - PK : Elias Pettersson
Extra Defensemen
Normal : Jake Gardiner, Jaccob Slavin, Rasmus Dahlin - PP : Jake Gardiner - PK : Markus Nutivaara, Mikhail Sergachev
Penalty Shots
Mitchell Marner, Jamie Benn, Elias Pettersson, Brock Boeser, Chris Tierney

Scratches
CGY Cap Hit (Suspend), Shane Bowers (Healthy)

NASHVILLE

5 vs 5 Forward 
   Center                   Left Wing                Right Wing               Time % Phy DF OF 
 1 Sean Monahan             Paul Byron               Jared McCann             35     1   2  2  
 2 J.T. Compher             Jason Dickinson          Jimmy Vesey              30     1   2  2  
 3 Nolan Patrick            Alex Chiasson            Bobby Ryan               25     1   2  2  
 4 Devin Shore              Josh Leivo               Tage Thompson            10     1   2  2  

5 vs 5 Defense 
   Defense                  Defense                                           Time % Phy DF OF 
 1 Morgan Rielly            Adam Larsson                                      35     1   2  2  
 2 Brian Dumoulin           Nicolas Hague                                     30     1   2  2  
 3 Andrew Peeke             Connor Carrick                                    25     1   2  2  
 4 Jeremy Lauzon            Morgan Rielly                                     10     1   2  2  

PowerPlay Forward 
   Center                   Left Wing                Right Wing               Time % Phy DF OF 
 1 Sean Monahan             Paul Byron               Jared McCann             60     1   2  2  
 2 J.T. Compher             Jason Dickinson          Jimmy Vesey              40     1   2  2  

PowerPlay Defense
   Defense                  Defense                                           Time % Phy DF OF 
 1 Morgan Rielly            Adam Larsson                                      60     1   2  2  
 2 Brian Dumoulin           Nicolas Hague                                     40     1   2  2  

Penalty Kill 4 Players Forward 
   Center                   Wing                     Time % Phy DF OF 
 1 Sean Monahan             Jared McCann             60     1   2  2  
 2 Paul Byron               J.T. Compher             40     1   2  2  

Penalty Kill 4 Players Defense
   Defense                  Defense                  Time % Phy DF OF 
 1 Morgan Rielly            Adam Larsson             60     1   2  2  
 2 Brian Dumoulin           Nicolas Hague            40     1   2  2  

Penalty Kill - 3 Players Forward 
   Forward                                           Time % Phy DF OF 
 1 Sean Monahan                                      60     1   2  2  
 2 Jared McCann                                      40     1   2  2  

Penalty Kill - 3 Players Defense
   Defense                  Defense                  Time % Phy DF OF 
 1 Morgan Rielly            Adam Larsson             60     1   2  2  
 2 Brian Dumoulin           Nicolas Hague            40     1   2  2  

4 vs 4 Forward 
   Center                   Wing                     Time % Phy DF OF 
 1 Sean Monahan             Jared McCann             60     1   2  2  
 2 Paul Byron               J.T. Compher             40     1   2  2  

4 vs 4 Defense
   Defense                  Defense                  Time % Phy DF OF 
 1 Morgan Rielly            Adam Larsson             60     1   2  2  
 2 Brian Dumoulin           Nicolas Hague            40     1   2  2  

Last Minutes Offensive
   Center                   Left Wing                Right Wing               Defense                  Defense                  
   Sean Monahan             Paul Byron               Jared McCann             Morgan Rielly            Adam Larsson             

Last Minutes Defensive
   Center                   Left Wing                Right Wing               Defense                  Defense                  
   Sean Monahan             Paul Byron               Jared McCann             Morgan Rielly            Adam Larsson             

Goaltenders
Starting : Devan Dubnyk             
Backup : Henrik Lundqvist         

Extra Forwards
Normal : Bobby Ryan, Alex Chiasson, Nolan Patrick - PP : Bobby Ryan, Alex Chiasson - PK : Nolan Patrick
Extra Defensemen
Normal : Andrew Peeke, Connor Carrick, Jeremy Lauzon - PP : Andrew Peeke - PK : Connor Carrick, Jeremy Lauzon
Penalty Shots
Sean Monahan, Jared McCann, Paul Byron, J.T. Compher, Jason Dickinson

Scratches
Alexander Barabanov (Healthy), Alex Petrovic (Healthy), Joonas Korpisalo (Healthy), NSH Cap Hit (Suspend)

% Time on Ice - CALGARY

Lines # - Real PCT - Wanted PCT - Time Play
Normal Forward
1 - 34% - 40% - 18:00
2 - 34% - 40% - 18:14
3 - 16% - 10% - 8:34
4 - 16% - 10% - 8:47
Normal Defense
1 - 33% - 35% - 17:29
2 - 31% - 30% - 16:51
3 - 31% - 25% - 16:41
4 - 5% - 10% - 2:34
PP Forward
1 - 54% - 62% - 1:19
2 - 46% - 38% - 1:08
PP Defense
1 - 54% - 64% - 1:19
2 - 46% - 36% - 1:08
PK Forward
1 - 64% - 60% - 2:32
2 - 36% - 40% - 1:26
PK Defense
1 - 55% - 60% - 2:11
2 - 45% - 40% - 1:47
PK3 Forward
1 - 0% - 60%
2 - 0% - 40%
PK3 Defense
1 - 0% - 60%
2 - 0% - 40%
44 Forward
1 - 0% - 60%
2 - 0% - 40%
44 Defense
1 - 0% - 60%
2 - 0% - 40%
Last Minute Offensive  - 0:00
Last Minute Defensive  - 0:00
Total
Forward - 60:00
Defense - 60:00

% Time on Ice - NASHVILLE

Lines # - Real PCT - Wanted PCT - Time Play
Normal Forward
1 - 31% - 35% - 16:30
2 - 28% - 30% - 15:14
3 - 25% - 25% - 13:22
4 - 16% - 10% - 8:29
Normal Defense
1 - 31% - 35% - 16:50
2 - 32% - 30% - 17:01
3 - 30% - 25% - 16:09
4 - 7% - 10% - 3:35
PP Forward
1 - 59% - 60% - 2:21
2 - 41% - 40% - 1:37
PP Defense
1 - 53% - 60% - 2:07
2 - 47% - 40% - 1:51
PK Forward
1 - 76% - 60% - 1:52
2 - 24% - 40% - 0:35
PK Defense
1 - 52% - 60% - 1:16
2 - 48% - 40% - 1:11
PK3 Forward
1 - 0% - 60%
2 - 0% - 40%
PK3 Defense
1 - 0% - 60%
2 - 0% - 40%
44 Forward
1 - 0% - 60%
2 - 0% - 40%
44 Defense
1 - 0% - 60%
2 - 0% - 40%
Last Minute Offensive  - 0:00
Last Minute Defensive  - 0:00
Total
Forward - 60:00
Defense - 60:00

Play-by-Play

1st period


0:01 of 1st period - Sean Monahan wins face-off versus Elias Pettersson in neutral zone.
1:32 of 1st period - Shot by Jimmy Vesey.
1:32 of 1st period - Stopped by Jack Campbell with a rebound.
1:34 of 1st period - Shot by J.T. Compher.
1:34 of 1st period - Shot Blocked by Jake Gardiner.
1:36 of 1st period - Shot by J.T. Compher.
1:36 of 1st period - Shot Blocked by Mikhail Sergachev.
1:38 of 1st period - Shot by J.T. Compher.
1:38 of 1st period - Stopped by Jack Campbell without a rebound.
1:39 of 1st period - Nolan Patrick wins face-off versus Chris Tierney in CALGARY zone.
1:39 of 1st period - Nolan Patrick is hit by Zach Bogosian.
1:42 of 1st period - Bobby Ryan is hit by Zach Bogosian and loses puck.
2:56 of 1st period - Minor Penalty to Drake Caggiula for Tripping.
2:57 of 1st period - Sean Monahan wins face-off versus Jamie Benn in CALGARY zone.
3:04 of 1st period - Shot by Paul Byron.
3:04 of 1st period - Shot Blocked by Blake Coleman.
4:14 of 1st period - Shot by Jason Dickinson.
4:14 of 1st period - Stopped by Jack Campbell without a rebound.
4:15 of 1st period - Sean Monahan wins face-off versus Chris Tierney in CALGARY zone.
4:28 of 1st period - Shot by Adam Larsson.
4:28 of 1st period - Shot Misses the Net.
4:30 of 1st period - Shot by Adam Larsson.
4:30 of 1st period - Stopped by Jack Campbell without a rebound.
4:31 of 1st period - J.T. Compher wins face-off versus Chris Tierney in CALGARY zone.
4:40 of 1st period - Shot by Nicolas Hague.
4:40 of 1st period - Shot Blocked by Zach Bogosian.
4:50 of 1st period - Shot by Brian Dumoulin.
4:50 of 1st period - Stopped by Jack Campbell without a rebound.
4:51 of 1st period - Sean Monahan wins face-off versus Chris Tierney in CALGARY zone.
5:05 of 1st period - Icing by Mikhail Sergachev.
5:06 of 1st period - Elias Pettersson wins face-off versus Devin Shore in CALGARY zone.
5:25 of 1st period - Shot by Mitchell Marner.
5:25 of 1st period - Stopped by Devan Dubnyk without a rebound.
5:26 of 1st period - Jamie Benn wins face-off versus J.T. Compher in NASHVILLE zone.
5:32 of 1st period - Tyler Bertuzzi is hit by Nicolas Hague and loses puck.
5:40 of 1st period - Icing by Brock Boeser.
5:41 of 1st period - Brock Boeser wins face-off versus Sean Monahan in CALGARY zone.
6:32 of 1st period - Icing by Markus Nutivaara.
6:33 of 1st period - Jamie Benn wins face-off versus J.T. Compher in CALGARY zone.
6:48 of 1st period - Shot by J.T. Compher.
6:48 of 1st period - Stopped by Jack Campbell without a rebound.
6:49 of 1st period - Nolan Patrick wins face-off versus Elias Pettersson in CALGARY zone.
7:08 of 1st period - Shot by Nolan Patrick.
7:08 of 1st period - Stopped by Jack Campbell with a rebound.
7:10 of 1st period - Shot by Connor Carrick.
7:10 of 1st period - Shot Misses the Net.
8:40 of 1st period - Shot by Paul Byron.
8:40 of 1st period - Stopped by Jack Campbell without a rebound.
8:41 of 1st period - Devin Shore wins face-off versus Jamie Benn in CALGARY zone.
9:00 of 1st period - Shot by Josh Leivo.
9:00 of 1st period - Goal by Josh Leivo - CALGARY : 0 - NASHVILLE : 1.
9:01 of 1st period - Matt Nieto wins face-off versus Sean Monahan in neutral zone.
9:08 of 1st period - Shot by Chris Tierney.
9:08 of 1st period - Stopped by Devan Dubnyk without a rebound.
9:09 of 1st period - Jared McCann wins face-off versus Jamie Benn in NASHVILLE zone.
9:16 of 1st period - Shot by Jared McCann.
9:16 of 1st period - Shot Misses the Net.
9:25 of 1st period - Shot by Tyler Bertuzzi.
9:25 of 1st period - Stopped by Devan Dubnyk without a rebound.
9:26 of 1st period - J.T. Compher wins face-off versus Chris Tierney in NASHVILLE zone.
9:39 of 1st period - Shot by J.T. Compher.
9:39 of 1st period - Goal by J.T. Compher - CALGARY : 0 - NASHVILLE : 2.
9:40 of 1st period - Jamie Benn wins face-off versus Sean Monahan in neutral zone.
9:46 of 1st period - Brock Boeser is hit by Brian Dumoulin.
10:11 of 1st period - Icing by Jake Gardiner.
10:12 of 1st period - Jamie Benn wins face-off versus J.T. Compher in CALGARY zone.
10:12 of 1st period - Jamie Benn is hit by Jason Dickinson.
10:51 of 1st period - Shot by Jimmy Vesey.
10:51 of 1st period - Shot Misses the Net.
11:04 of 1st period - Icing by Jake Gardiner.
11:05 of 1st period - Tyler Bertuzzi wins face-off versus Sean Monahan in CALGARY zone.
11:59 of 1st period - Shot by Alex Chiasson.
11:59 of 1st period - Stopped by Jack Campbell without a rebound.
12:00 of 1st period - Devin Shore wins face-off versus Derick Brassard in CALGARY zone.
12:14 of 1st period - Off-side.
12:15 of 1st period - Chris Tierney wins face-off versus Nolan Patrick in neutral zone.
12:39 of 1st period - Blake Coleman is hit by Connor Carrick and loses puck.
13:11 of 1st period - Minor Penalty to Andrew Peeke for Interference.
13:12 of 1st period - Sean Monahan wins face-off versus Elias Pettersson in NASHVILLE zone.
13:40 of 1st period - Shot by Mikhail Sergachev.
13:40 of 1st period - Shot Blocked by Nicolas Hague.
13:42 of 1st period - Shot by Brock Boeser.
13:42 of 1st period - Shot Misses the Net.
13:44 of 1st period - Shot by Rasmus Dahlin.
13:44 of 1st period - Stopped by Devan Dubnyk without a rebound.
13:45 of 1st period - Jared McCann wins face-off versus Mitchell Marner in NASHVILLE zone.
13:45 of 1st period - Jared McCann is hit by Tyler Bertuzzi.
14:02 of 1st period - Icing by Jaccob Slavin.
14:03 of 1st period - Jamie Benn wins face-off versus Paul Byron in CALGARY zone.
15:17 of 1st period - Joel Kellman is hit by Tage Thompson and loses puck.
15:28 of 1st period - Tage Thompson is hit by Drake Caggiula and loses puck.
15:37 of 1st period - Shot by Derick Brassard.
15:37 of 1st period - Shot Misses the Net.
15:44 of 1st period - Icing by Josh Leivo.
15:45 of 1st period - Devin Shore wins face-off versus Chris Tierney in NASHVILLE zone.
15:49 of 1st period - Off-side.
15:50 of 1st period - J.T. Compher wins face-off versus Elias Pettersson in neutral zone.
16:48 of 1st period - Shot by Tyler Bertuzzi.
16:48 of 1st period - Shot Blocked by Brian Dumoulin.
17:06 of 1st period - Shot by Paul Byron.
17:06 of 1st period - Stopped by Jack Campbell without a rebound.
17:07 of 1st period - Nolan Patrick wins face-off versus Chris Tierney in CALGARY zone.
17:16 of 1st period - Icing by Markus Nutivaara.
17:17 of 1st period - Devin Shore wins face-off versus Chris Tierney in CALGARY zone.
17:32 of 1st period - Shot by Tage Thompson.
17:32 of 1st period - Stopped by Jack Campbell without a rebound.
17:33 of 1st period - Sean Monahan wins face-off versus Elias Pettersson in CALGARY zone.
17:58 of 1st period - Shot by Sean Monahan.
17:58 of 1st period - Shot Blocked by Jaccob Slavin.
18:00 of 1st period - Shot by Jared McCann.
18:00 of 1st period - Stopped by Jack Campbell without a rebound.
18:01 of 1st period - Jamie Benn wins face-off versus Jimmy Vesey in CALGARY zone.
18:18 of 1st period - Shot by Tyler Bertuzzi.
18:18 of 1st period - Stopped by Devan Dubnyk without a rebound.
18:19 of 1st period - Nolan Patrick wins face-off versus Derick Brassard in NASHVILLE zone.
18:56 of 1st period - Shot by Nolan Patrick.
18:56 of 1st period - Shot Blocked by Jaccob Slavin.
19:46 of 1st period - Shot by Mitchell Marner.
19:46 of 1st period - Stopped by Devan Dubnyk without a rebound.
19:47 of 1st period - J.T. Compher wins face-off versus Jamie Benn in NASHVILLE zone.
19:47 of 1st period - J.T. Compher is hit by Jamie Benn.
Goals for this period are 0 for CALGARY vs 2 for NASHVILLE.
Shots for this period are 6 for CALGARY vs 14 for NASHVILLE.

2nd period


0:01 of 2nd period - Jamie Benn wins face-off versus J.T. Compher in neutral zone.
0:13 of 2nd period - Icing by Adam Larsson.
0:14 of 2nd period - Elias Pettersson wins face-off versus J.T. Compher in NASHVILLE zone.
0:14 of 2nd period - Mitchell Marner is hit by Adam Larsson and loses puck.
0:22 of 2nd period - Mitchell Marner is hit by Adam Larsson and loses puck.
0:31 of 2nd period - Shot by Mitchell Marner.
0:31 of 2nd period - Shot Misses the Net.
0:42 of 2nd period - Patrik Laine is hit by Adam Larsson and loses puck.
0:45 of 2nd period - Shot by Patrik Laine.
0:45 of 2nd period - Stopped by Devan Dubnyk without a rebound.
0:46 of 2nd period - Sean Monahan wins face-off versus Jamie Benn in NASHVILLE zone.
1:10 of 2nd period - Shot by Jaccob Slavin.
1:10 of 2nd period - Stopped by Devan Dubnyk without a rebound.
1:11 of 2nd period - Nolan Patrick wins face-off versus Chris Tierney in NASHVILLE zone.
1:22 of 2nd period - Shot by Nolan Patrick.
1:22 of 2nd period - Shot Misses the Net.
1:24 of 2nd period - Shot by Nolan Patrick.
1:24 of 2nd period - Stopped by Jack Campbell with a rebound.
1:36 of 2nd period - Shot by Matt Nieto.
1:36 of 2nd period - Shot Misses the Net.
1:57 of 2nd period - Blake Coleman is hit by Adam Larsson and loses puck.
2:10 of 2nd period - Shot by J.T. Compher.
2:10 of 2nd period - Shot Blocked by Zach Bogosian.
2:56 of 2nd period - Shot by Tyler Bertuzzi.
2:56 of 2nd period - Goal by Tyler Bertuzzi - CALGARY : 1 - NASHVILLE : 2.
2:57 of 2nd period - Devin Shore wins face-off versus Elias Pettersson in neutral zone.
2:57 of 2nd period - Andrew Peeke is hit by Patrik Laine and loses puck.
3:24 of 2nd period - Shot by Mitchell Marner.
3:24 of 2nd period - Deflect By Patrik Laine.
3:24 of 2nd period - Stopped by Devan Dubnyk with a rebound.
3:26 of 2nd period - Shot by Elias Pettersson.
3:26 of 2nd period - Shot Misses the Net.
3:28 of 2nd period - Shot by Mitchell Marner.
3:28 of 2nd period - Deflect By Elias Pettersson.
3:28 of 2nd period - Shot Blocked by Tage Thompson.
3:30 of 2nd period - Shot by Mitchell Marner.
3:30 of 2nd period - Shot Misses the Net.
3:32 of 2nd period - Shot by Patrik Laine.
3:32 of 2nd period - Shot Blocked by Devin Shore.
3:38 of 2nd period - Shot by Patrik Laine.
3:38 of 2nd period - Stopped by Devan Dubnyk with a rebound.
3:57 of 2nd period - Icing by Tage Thompson.
3:58 of 2nd period - Tyler Bertuzzi wins face-off versus Devin Shore in NASHVILLE zone.
5:17 of 2nd period - Adam Larsson is hit by Drake Caggiula and loses puck.
5:26 of 2nd period - Drake Caggiula is hit by Paul Byron.
5:59 of 2nd period - Shot by J.T. Compher.
5:59 of 2nd period - Stopped by Jack Campbell with a rebound.
7:11 of 2nd period - Shot by Patrik Laine.
7:11 of 2nd period - Shot Misses the Net.
8:09 of 2nd period - J.T. Compher is hit by Mikhail Sergachev.
8:19 of 2nd period - Shot by Josh Leivo.
8:19 of 2nd period - Deflect By Devin Shore.
8:19 of 2nd period - Stopped by Jack Campbell with a rebound.
8:21 of 2nd period - Shot by Josh Leivo.
8:21 of 2nd period - Stopped by Jack Campbell without a rebound.
8:22 of 2nd period - Tage Thompson wins face-off versus Chris Tierney in CALGARY zone.
8:22 of 2nd period - Adam Larsson is hit by Mikhail Sergachev and loses puck.
8:43 of 2nd period - Shot by Josh Leivo.
8:43 of 2nd period - Stopped by Jack Campbell without a rebound.
8:44 of 2nd period - Nolan Patrick wins face-off versus Jamie Benn in CALGARY zone.
8:45 of 2nd period - Shot by Bobby Ryan.
8:45 of 2nd period - Deflect By Nolan Patrick.
8:45 of 2nd period - Shot Misses the Net.
8:47 of 2nd period - Shot by Brian Dumoulin.
8:47 of 2nd period - Shot Misses the Net.
9:01 of 2nd period - Shot by Bobby Ryan.
9:01 of 2nd period - Shot Blocked by Brock Boeser.
9:39 of 2nd period - Shot by Sean Monahan.
9:39 of 2nd period - Shot Blocked by Mikhail Sergachev.
10:08 of 2nd period - Off-side.
10:09 of 2nd period - Devin Shore wins face-off versus Elias Pettersson in neutral zone.
10:36 of 2nd period - Devin Shore is hit by Elias Pettersson and loses puck.
11:19 of 2nd period - Shot by Jimmy Vesey.
11:19 of 2nd period - Shot Misses the Net.
11:37 of 2nd period - Minor Penalty to Zach Bogosian for Hooking.
11:38 of 2nd period - Sean Monahan wins face-off versus Jamie Benn in CALGARY zone.
11:45 of 2nd period - Shot by Paul Byron.
11:45 of 2nd period - Stopped by Jack Campbell without a rebound.
11:46 of 2nd period - Jamie Benn wins face-off versus Sean Monahan in CALGARY zone.
12:28 of 2nd period - Icing by Adam Larsson.
12:29 of 2nd period - Sean Monahan wins face-off versus Jamie Benn in NASHVILLE zone.
12:56 of 2nd period - Shot by Blake Coleman.
12:56 of 2nd period - Shot Misses the Net.
13:10 of 2nd period - Shot by Brian Dumoulin.
13:10 of 2nd period - Shot Blocked by Mikhail Sergachev.
14:00 of 2nd period - Icing by Patrik Laine.
14:01 of 2nd period - Elias Pettersson wins face-off versus Devin Shore in CALGARY zone.
14:01 of 2nd period - Elias Pettersson is hit by Josh Leivo.
14:33 of 2nd period - Shot by Devin Shore.
14:33 of 2nd period - Shot Misses the Net.
14:38 of 2nd period - Patrik Laine is hit by Jeremy Lauzon and loses puck.
15:10 of 2nd period - Joel Kellman is hit by Andrew Peeke.
15:17 of 2nd period - Icing by Nolan Patrick.
15:18 of 2nd period - Jamie Benn wins face-off versus Alex Chiasson in NASHVILLE zone.
15:18 of 2nd period - Jamie Benn is hit by Connor Carrick.
15:26 of 2nd period - Shot by Tyler Bertuzzi.
15:26 of 2nd period - Stopped by Devan Dubnyk with a rebound.
16:11 of 2nd period - Shot by Blake Coleman.
16:11 of 2nd period - Goal by Blake Coleman - CALGARY : 2 - NASHVILLE : 2.
16:12 of 2nd period - J.T. Compher wins face-off versus Derick Brassard in neutral zone.
16:45 of 2nd period - Shot by Jimmy Vesey.
16:45 of 2nd period - Shot Misses the Net.
16:47 of 2nd period - Shot by Jimmy Vesey.
16:47 of 2nd period - Stopped by Jack Campbell without a rebound.
16:48 of 2nd period - Sean Monahan wins face-off versus Jamie Benn in CALGARY zone.
16:49 of 2nd period - Shot by Jared McCann.
16:49 of 2nd period - Stopped by Jack Campbell without a rebound.
16:50 of 2nd period - Jamie Benn wins face-off versus Sean Monahan in CALGARY zone.
17:59 of 2nd period - Jaccob Slavin is hit by Bobby Ryan and loses puck.
18:04 of 2nd period - Shot by Nolan Patrick.
18:04 of 2nd period - Stopped by Jack Campbell without a rebound.
18:05 of 2nd period - J.T. Compher wins face-off versus Chris Tierney in CALGARY zone.
18:42 of 2nd period - Shot by Jason Dickinson.
18:42 of 2nd period - Shot Misses the Net.
19:03 of 2nd period - Icing by Brian Dumoulin.
19:04 of 2nd period - Elias Pettersson wins face-off versus Devin Shore in NASHVILLE zone.
19:05 of 2nd period - Shot by Mitchell Marner.
19:05 of 2nd period - Shot Hit the Post.
19:13 of 2nd period - Shot by Patrik Laine.
19:13 of 2nd period - Shot Hit the Post.
19:15 of 2nd period - Shot by Jaccob Slavin.
19:15 of 2nd period - Stopped by Devan Dubnyk without a rebound.
19:16 of 2nd period - Jamie Benn wins face-off versus Sean Monahan in NASHVILLE zone.
19:28 of 2nd period - Shot by Sean Monahan.
19:28 of 2nd period - Shot Misses the Net.
19:30 of 2nd period - Shot by Connor Carrick.
19:30 of 2nd period - Goal by Connor Carrick - CALGARY : 2 - NASHVILLE : 3.
19:31 of 2nd period - Nolan Patrick wins face-off versus Elias Pettersson in neutral zone.
19:46 of 2nd period - Shot by Patrik Laine.
19:46 of 2nd period - Shot Misses the Net.
19:48 of 2nd period - Shot by Patrik Laine.
19:48 of 2nd period - Shot Misses the Net.
19:50 of 2nd period - Shot by Mitchell Marner.
19:50 of 2nd period - Shot Misses the Net.
Goals for this period are 2 for CALGARY vs 1 for NASHVILLE.
Shots for this period are 8 for CALGARY vs 10 for NASHVILLE.

3rd period


0:01 of 3rd period - Jamie Benn wins face-off versus Sean Monahan in neutral zone.
0:40 of 3rd period - Shot by Sean Monahan.
0:40 of 3rd period - Deflect By Paul Byron.
0:40 of 3rd period - Stopped by Jack Campbell without a rebound.
0:41 of 3rd period - Elias Pettersson wins face-off versus J.T. Compher in CALGARY zone.
0:41 of 3rd period - Elias Pettersson is hit by Jason Dickinson.
0:47 of 3rd period - Shot by Elias Pettersson.
0:47 of 3rd period - Shot Misses the Net.
1:08 of 3rd period - Icing by Nicolas Hague.
1:09 of 3rd period - Chris Tierney wins face-off versus J.T. Compher in NASHVILLE zone.
1:39 of 3rd period - Shot by Chris Tierney.
1:39 of 3rd period - Stopped by Devan Dubnyk with a rebound.
1:40 of 3rd period - Minor Penalty to Brian Dumoulin for Interference.
1:41 of 3rd period - Sean Monahan wins face-off versus Elias Pettersson in NASHVILLE zone.
1:52 of 3rd period - Shot by Mikhail Sergachev.
1:52 of 3rd period - Shot Blocked by Sean Monahan.
1:54 of 3rd period - Shot by Mikhail Sergachev.
1:54 of 3rd period - The goal is going for a video replay.
1:54 of 3rd period - The goal is good.
1:54 of 3rd period - Goal by Mikhail Sergachev - CALGARY : 3 - NASHVILLE : 3.
1:55 of 3rd period - Nolan Patrick wins face-off versus Jamie Benn in neutral zone.
2:31 of 3rd period - Shot by Alex Chiasson.
2:31 of 3rd period - Stopped by Jack Campbell without a rebound.
2:32 of 3rd period - Elias Pettersson wins face-off versus Sean Monahan in CALGARY zone.
3:40 of 3rd period - Chris Tierney is hit by Brian Dumoulin and loses puck.
4:20 of 3rd period - Icing by Rasmus Dahlin.
4:21 of 3rd period - Nolan Patrick wins face-off versus Jamie Benn in CALGARY zone.
4:28 of 3rd period - Shot by Nolan Patrick.
4:28 of 3rd period - Stopped by Jack Campbell without a rebound.
4:29 of 3rd period - Sean Monahan wins face-off versus Jamie Benn in CALGARY zone.
5:02 of 3rd period - Shot by Jared McCann.
5:02 of 3rd period - Deflect By Sean Monahan.
5:02 of 3rd period - Stopped by Jack Campbell without a rebound.
5:03 of 3rd period - Nolan Patrick wins face-off versus Elias Pettersson in CALGARY zone.
5:06 of 3rd period - Shot by Bobby Ryan.
5:06 of 3rd period - Stopped by Jack Campbell without a rebound.
5:07 of 3rd period - Mitchell Marner wins face-off versus Nolan Patrick in CALGARY zone.
5:09 of 3rd period - Patrik Laine is hit by Alex Chiasson and loses puck.
5:29 of 3rd period - Alex Chiasson is hit by Jake Gardiner and loses puck.
5:43 of 3rd period - Minor Penalty to Connor Carrick for Goalie Interference.
5:44 of 3rd period - Sean Monahan wins face-off versus Jamie Benn in NASHVILLE zone.
5:44 of 3rd period - Jared McCann is hit by Jamie Benn and loses puck.
5:57 of 3rd period - Shot by Jaccob Slavin.
5:57 of 3rd period - Goal by Jaccob Slavin - CALGARY : 4 - NASHVILLE : 3.
5:58 of 3rd period - Derick Brassard wins face-off versus Jimmy Vesey in neutral zone.
6:15 of 3rd period - Shot by Drake Caggiula.
6:15 of 3rd period - Shot Misses the Net.
6:17 of 3rd period - Shot by Markus Nutivaara.
6:17 of 3rd period - Stopped by Devan Dubnyk without a rebound.
6:18 of 3rd period - Sean Monahan wins face-off versus Jamie Benn in NASHVILLE zone.
6:43 of 3rd period - Jamie Benn is hit by Nicolas Hague and loses puck.
6:56 of 3rd period - Shot by Jared McCann.
6:56 of 3rd period - Goal by Jared McCann - CALGARY : 4 - NASHVILLE : 4.
6:57 of 3rd period - Elias Pettersson wins face-off versus Jimmy Vesey in neutral zone.
7:11 of 3rd period - Off-side.
7:12 of 3rd period - Nolan Patrick wins face-off versus Joel Kellman in neutral zone.
7:19 of 3rd period - Shot by Bobby Ryan.
7:19 of 3rd period - Stopped by Jack Campbell without a rebound.
7:20 of 3rd period - J.T. Compher wins face-off versus Elias Pettersson in CALGARY zone.
7:41 of 3rd period - Shot by Jimmy Vesey.
7:41 of 3rd period - Goal by Jimmy Vesey - CALGARY : 4 - NASHVILLE : 5.
7:42 of 3rd period - Sean Monahan wins face-off versus Jamie Benn in neutral zone.
8:05 of 3rd period - Shot by Sean Monahan.
8:05 of 3rd period - Deflect By Jared McCann.
8:05 of 3rd period - Shot Misses the Net.
8:13 of 3rd period - Shot by Sean Monahan.
8:13 of 3rd period - Shot Misses the Net.
8:22 of 3rd period - Icing by Jaccob Slavin.
8:23 of 3rd period - J.T. Compher wins face-off versus Jamie Benn in CALGARY zone.
8:44 of 3rd period - Icing by Jason Dickinson.
8:45 of 3rd period - Elias Pettersson wins face-off versus J.T. Compher in NASHVILLE zone.
9:02 of 3rd period - Shot by J.T. Compher.
9:02 of 3rd period - Shot Blocked by Mikhail Sergachev.
9:04 of 3rd period - Shot by Jason Dickinson.
9:04 of 3rd period - Stopped by Jack Campbell without a rebound.
9:05 of 3rd period - Derick Brassard wins face-off versus Sean Monahan in CALGARY zone.
9:30 of 3rd period - Shot by Paul Byron.
9:30 of 3rd period - Goal by Paul Byron - CALGARY : 4 - NASHVILLE : 6.
9:31 of 3rd period - Nolan Patrick wins face-off versus Elias Pettersson in neutral zone.
9:39 of 3rd period - Mitchell Marner is hit by Nolan Patrick and loses puck.
9:43 of 3rd period - Off-side.
9:44 of 3rd period - J.T. Compher wins face-off versus Jamie Benn in neutral zone.
10:11 of 3rd period - J.T. Compher is hit by Rasmus Dahlin.
10:15 of 3rd period - Shot by J.T. Compher.
10:15 of 3rd period - Shot Blocked by Jaccob Slavin.
11:34 of 3rd period - Off-side.
11:35 of 3rd period - Drake Caggiula wins face-off versus Nolan Patrick in neutral zone.
11:40 of 3rd period - Shot by Rasmus Dahlin.
11:40 of 3rd period - Stopped by Devan Dubnyk without a rebound.
11:41 of 3rd period - Jamie Benn wins face-off versus Sean Monahan in NASHVILLE zone.
12:08 of 3rd period - Brock Boeser is hit by Jared McCann and loses puck.
13:48 of 3rd period - Shot by Devin Shore.
13:48 of 3rd period - Deflect By Josh Leivo.
13:48 of 3rd period - Stopped by Jack Campbell without a rebound.
13:49 of 3rd period - Derick Brassard wins face-off versus Sean Monahan in CALGARY zone.
13:49 of 3rd period - Derick Brassard is hit by Paul Byron.
14:15 of 3rd period - Shot by Jared McCann.
14:15 of 3rd period - Stopped by Jack Campbell without a rebound.
14:16 of 3rd period - J.T. Compher wins face-off versus Jamie Benn in CALGARY zone.
14:19 of 3rd period - Shot by Jason Dickinson.
14:19 of 3rd period - Stopped by Jack Campbell without a rebound.
14:20 of 3rd period - Elias Pettersson wins face-off versus J.T. Compher in CALGARY zone.
14:20 of 3rd period - Elias Pettersson is hit by Jason Dickinson.
14:42 of 3rd period - Shot by Jason Dickinson.
14:42 of 3rd period - Stopped by Jack Campbell without a rebound.
14:43 of 3rd period - Sean Monahan wins face-off versus Jamie Benn in CALGARY zone.
14:50 of 3rd period - Shot by Sean Monahan.
14:50 of 3rd period - Shot Misses the Net.
15:49 of 3rd period - Shot by Alex Chiasson.
15:49 of 3rd period - Shot Misses the Net.
16:05 of 3rd period - Shot by Mitchell Marner.
16:05 of 3rd period - Shot Blocked by Bobby Ryan.
16:17 of 3rd period - Shot by Elias Pettersson.
16:17 of 3rd period - Stopped by Devan Dubnyk without a rebound.
16:18 of 3rd period - J.T. Compher wins face-off versus Matt Nieto in NASHVILLE zone.
16:27 of 3rd period - Shot by Jason Dickinson.
16:27 of 3rd period - Shot Misses the Net.
16:29 of 3rd period - Shot by J.T. Compher.
16:29 of 3rd period - Goal by J.T. Compher - CALGARY : 4 - NASHVILLE : 7.
16:30 of 3rd period - Josh Leivo wins face-off versus Derick Brassard in neutral zone.
17:43 of 3rd period - Shot by Mitchell Marner.
17:43 of 3rd period - Shot Blocked by Nicolas Hague.
17:55 of 3rd period - Shot by Elias Pettersson.
17:55 of 3rd period - Stopped by Devan Dubnyk without a rebound.
17:56 of 3rd period - Sean Monahan wins face-off versus Brock Boeser in NASHVILLE zone.
17:56 of 3rd period - Sean Monahan is hit by Tyler Bertuzzi.
18:02 of 3rd period - Zach Bogosian is hit by Jared McCann and loses puck.
18:15 of 3rd period - Shot by Sean Monahan.
18:15 of 3rd period - Shot Misses the Net.
18:53 of 3rd period - Mikhail Sergachev is hit by Nolan Patrick and loses puck.
19:04 of 3rd period - Nolan Patrick is hit by Blake Coleman and loses puck.
19:15 of 3rd period - Shot by Chris Tierney.
19:15 of 3rd period - Shot Misses the Net.
19:22 of 3rd period - Icing by Connor Carrick.
19:23 of 3rd period - Elias Pettersson wins face-off versus Nolan Patrick in NASHVILLE zone.
19:32 of 3rd period - Shot by Elias Pettersson.
19:32 of 3rd period - Stopped by Devan Dubnyk with a rebound.
19:34 of 3rd period - Shot by Rasmus Dahlin.
19:34 of 3rd period - Shot Misses the Net.
19:53 of 3rd period - Shot by Mitchell Marner.
19:53 of 3rd period - Stopped by Devan Dubnyk without a rebound.
19:54 of 3rd period - Sean Monahan wins face-off versus Derick Brassard in NASHVILLE zone.
Goals for this period are 2 for CALGARY vs 4 for NASHVILLE.
Shots for this period are 9 for CALGARY vs 15 for NASHVILLE.